 Dungeon Crawl Stone Soup version 0.20-a0-17-g69bea3c (webtiles) character file.

124 KristoblXynda the Charmwright (level 4, -6/36 HPs)
             Began as a Draconian Skald on Nov 5, 2016.
             Killed by nerve-wracking pain
             ... invoked by an orc priest
              (7 damage)
             ... on level 3 of the Dungeon.
             The game lasted 00:05:00 (2993 turns).

KristoblXynda the Charmwright (Draconian Skald)     Turns: 2993, Time: 00:05:01

Health: -6/36      AC:  8    Str: 15    XL:     4   Next: 81%
Magic:  7/7        EV: 12    Int: 12    God:
Gold:   111        SH:  0    Dex: 11    Spells: 2 memorised, 3 levels left

rFire  . . .     SeeInvis .     a - +0 falchion
rCold  . . .     Gourm    .     (armour unavailable)
rNeg   . . .     Faith    .     (no shield)
rPois  .         Spirit   .     (helmet restricted)
rElec  .         Reflect  .     (no cloak)
rCorr  .         Harm     .     q - +2 pair of gloves
MR     .....                    (no boots)
Stlth  +.........               (no amulet)
                                (no ring)
                                (no ring)

@: no status effects
A: unfitting armour, cold-blooded, AC +5
a: no special abilities


You were on level 3 of the Dungeon.
You were not hungry.

You visited 1 branch of the dungeon, and saw 3 of its levels.

You collected 111 gold pieces.

Inventory:

Hand Weapons
 a - a +0 falchion (weapon)
Armour
 q - a +2 pair of gloves (worn)
Jewellery
 n - an uncursed ring of protection from fire {unknown}
Scrolls
 e - a scroll of enchant weapon {unknown}
 i - a scroll of recharging {unknown}
 j - 2 scrolls of magic mapping {unknown}
 l - a scroll of random uselessness {unknown}
 m - 2 scrolls of identify {unknown}
 o - a scroll of teleportation {unknown}
 r - 2 scrolls of enchant armour {unknown}
Potions
 d - a potion of haste {unknown}
 h - a potion of resistance
 k - a potion of berserk rage {unknown}
Books
 b - a book of Battle

   Spells                             Type                      Level
   a - Infusion                       Charms                       1
   b - Shroud of Golubria             Charms/Translocation         2
   c - Song of Slaying                Charms                       2
   d - Spectral Weapon                Hexes/Charms                 3
   e - Regeneration                   Charms/Necromancy            3
 u - a book of Minor Magic

   Spells                             Type                      Level
   a - Magic Dart                     Conjuration                  1
   b - Blink                          Translocation                2
   c - Call Imp                       Summoning                    2
   d - Repel Missiles                 Charms/Air                   2
   e - Slow                           Hexes                        2
   f - Conjure Flame                  Conjuration/Fire             3
   g - Mephitic Cloud                 Conjuration/Poison/Air       3
Comestibles
 c - 3 bread rations
 f - a beef jerky
 s - 2 chunks of flesh


   Skills:
 - Level 2.1 Fighting
 + Level 3.4 Long Blades
 + Level 2.5 Dodging
 - Level 2.0 Spellcasting
 + Level 3.6 Charms


You had 3 spell levels left.
You knew the following spells:

 Your Spells              Type           Power        Failure   Level  Hunger
a - Infusion              Chrm           ##..         8%          1    ##.....
b - Regeneration          Chrm/Necr      #.........   43%         3    ####...


Dungeon Overview and Level Annotations

Branches:
Dungeon (3/15)

Altars:
Gozag
Qazlal
Trog


Innate Abilities, Weirdness & Mutations

Your plain brown scales are hard. (AC +5)
You cannot fit into any form of body armour.
You are cold-blooded and may be slowed by cold attacks.


Message History

You kill the orc!
You hit the orc priest.
The orc priest is moderately wounded.
The orc priest invokes the aid of Beogh against you.
Beogh smites you!
* * * LOW HITPOINT WARNING * * *
It was a potion of invisibility.
You fade into invisibility!
The orc priest hits you but does no damage.
You are very lightly contaminated with residual magic.
It was a potion of cancellation.
Your magical effects are unravelling.
You feel magically purged.
Your magical contamination has completely faded away.
You feel less woody.
Your +2 pair of gloves unmelds from your body.
You flicker back into view.
The orc priest mumbles some strange prayers to Beogh against you.
Pain shoots through your body!
You die...

##.....####.......##.#
#.......###..#.##.##.##.#
##.....##......##.......#
######....##.#.<#.......####
#.....#.#............####
###.....###......##.##.#
........# ####.#.......#
###.....# #.######### #
#..)..# #..@ooo# # #......#
######o# # #.#........ ..# #
#.#..#.###. o.# # #.#.....#
..# # ........# ..# .
......# o.# #.....


o.o You could see an orc priest and 3 orcs.

Vanquished Creatures
  3 adders
  An ooze (D:2)
  5 worms (D:2)
  2 dart slugs
  4 leopard geckos (D:2)
  2 orcs (D:3)
  A ball python (D:1)
  5 bats
  4 giant cockroaches
  7 hobgoblins
  3 jackals (D:1)
  3 frilled lizards
  6 goblins
  9 kobolds
  13 rats
68 creatures vanquished.

Notes
Turn   | Place    | Note
-------+----------+-------------------------------------------
     0 | D:1      | KristoblXynda the Draconian Skald began the quest for the Orb.
     0 | D:1      | Reached XP level 1. HP: 17/17 MP: 3/3
   380 | D:1      | Reached XP level 2. HP: 22/24 MP: 5/5
   930 | D:2      | Reached XP level 3. HP: 28/29 MP: 6/6
  1073 | D:2      | Found a stormy altar of Qazlal.
  1073 | D:2      | Found a bloodstained altar of Trog.
  1346 | D:2      | HP: 1/43 [rat (2)]
  1785 | D:2      | Reached XP level 4. HP: 32/36 MP: 7/7
  1887 | D:2      | HP: 1/36 [worm (2)]
  2449 | D:2      | Found an opulent altar of Gozag.
  2954 | D:3      | Learned a level 3 spell: Regeneration
  2991 | D:3      | HP: 2/54 [orc priest/divine providence (10)]
  2993 | D:3      | Killed from afar by an orc priest

Vault maps used:
D:1:      onia_arrival_pyramid
D:2:      wad_river_or_something, nicolae_overflow_hidden_temple,
          gammafunk_temple_overflow_elements

Skill      XL: |  1  2  3 |
---------------+----------+-----
Charms         | 3 |  3.6
Dodging        | 2 |  2.5
Long Blades    | 3 |  3.4
Fighting       | |  2.1
Spellcasting   | |  2.0

Action                   |  1- 3 |  4- 6 || total
-------------------------+-------+-------++-------
Melee: Falchion          |   123 |   131 ||   254
       Tailslap          |    14 |    20 ||    34
  Use: Potion            |     3 |     4 ||     7
 Stab: Distracted        |     1 |       ||     1
       Sleeping          |     1 |       ||     1
  Eat: Chunk             |     3 |     2 ||     5
       Royal jelly       |       |     1 ||     1
Armor: Skin              |    39 |    37 ||    76
Dodge: Dodged            |    90 |    69 ||   159
       Rpst.: Falchion   |    24 |    19 ||    43
